 Dungeon Crawl Stone Soup version 0.24.1-1-gd1d2a07e1b (webtiles) character file.

Game seed: 16874636149464387470, levelgen mode: deterministic

3927 Peloso the Carver (level 10, 0/86 HPs)
             Began as a Minotaur Fighter on Apr 9, 2020.
             Was a Believer of Okawaru.
             Slain by a slime creature (14 damage)
             ... on level 7 of the Dungeon.
             The game lasted 00:18:56 (7737 turns).

Peloso the Carver (Minotaur Fighter)                Turns: 7737, Time: 00:18:57

Health: 0/86       AC: 17    Str: 22    XL:     10   Next: 1%
Magic:  9/9        EV:  7    Int:  5    God:    Okawaru [**....]
Gold:   436        SH: 11    Dex: 12    Spells: 9/9 levels left

rFire    . . .     SeeInvis .   a - +0 long sword
rCold    . . .     Gourm    .   c - +0 shield
rNeg     . . .     Faith    .   B - +1 plate armour {rPois}
rPois    +         Spirit   .   (helmet restricted)
rElec    .         Reflect  .   q - +0 cloak
rCorr    .         Harm     .   w - +0 pair of gloves
MR       .....                  (no boots)
Stlth    ..........             (no amulet)
HPRegen  0.24/turn              (no ring)
MPRegen  0.11/turn              (no ring)

@: no status effects
A: retaliatory headbutt, horns 2
a: Heroism, Renounce Religion


You were on level 7 of the Dungeon.
You worshipped Okawaru.
Okawaru was pleased with you.
You were hungry.

You visited 2 branches of the dungeon, and saw 11 of its levels.

You collected 436 gold pieces.

Inventory:

Hand Weapons
 a - a +0 long sword (weapon)
 i - a +1 hand axe of flaming
Armour
 b - a +0 scale mail
 c - a +0 shield (worn)
 q - a +0 cloak (worn)
 w - a +0 pair of gloves (worn)
 B - a +1 plate armour of poison resistance (worn)
 F - a +3 chain mail
Jewellery
 n - an uncursed ring of protection from cold
 p - an uncursed ring of poison resistance {unknown}
Wands
 g - a wand of flame (18)
 D - a wand of random effects (14)
 H - a wand of iceblast (6)
 J - a wand of scattershot (6)
Scrolls
 h - 3 scrolls of enchant armour
 j - 3 scrolls of noise
 k - 7 scrolls of remove curse
 l - 5 scrolls of teleportation
 m - 2 scrolls of magic mapping
 o - a scroll of amnesia
 r - a scroll of fog
 s - 2 scrolls of blinking {unknown}
 u - a scroll of fear {unknown}
 y - 2 scrolls of identify
 I - a scroll of torment {unknown}
Potions
 d - 5 potions of might
 e - 2 potions of ambrosia
 t - a potion of invisibility
 v - 4 potions of agility
 x - 3 potions of curing
 z - a potion of cancellation {unknown}
 A - a potion of haste {unknown}
 C - 3 potions of brilliance
 E - a potion of resistance {unknown}
 G - a potion of berserk rage {unknown}
Comestibles
 f - 18 rations


   Skills:
 + Level 7.0 Fighting
 + Level 11.3 Long Blades
 + Level 8.6 Armour
 + Level 3.0 Dodging
 + Level 0.1 Stealth
 + Level 8.6 Shields


You had 9 spell levels left.
You didn't know any spells.
Your spell library contained the following spells:

 Spells                   Type           Power        Failure   Level  Hunger
 Flame Tongue             Conj/Fire      #....        100%        1    ##.....
 Throw Flame              Conj/Fire      #.....       100%        2    ###....
 Conjure Flame            Conj/Fire      #.......     100%        3    ####...
 Inner Flame              Hex/Fire       #.......     100%        3    ####...
 Sticky Flame             Conj/Fire      #.......     100%        4    #####..
 Fireball                 Conj/Fire      #.........   100%        5    ######.


Dungeon Overview and Level Annotations

Branches:
Dungeon (10/15)            Temple (1/1) D:7
   Lair: D:8-11         Orc: D:9-12

Altars:
Ashenzari
Cheibriados
Fedhas
Gozag
Hepliaklqana
Kikubaaqudgha
Nemelex Xobeh
Okawaru
Ru
Sif Muna
Uskayaw
Vehumet
Wu Jian
Xom
Zin

Annotations:
D:8 2 runed translucent doors, vaporguy's ghost, novice HOFi
D:9 3 runed translucent doors, Jonor's ghost, novice GnSk; Prince Ribbit


Innate Abilities, Weirdness & Mutations

You reflexively headbutt those who attack you in melee.
You have a pair of horns on your head.


Message History

The killer bee poisons you!
You feel sick. The killer bee closely misses you.
Found a scroll of fog.
You feel sick. The killer bee stings you.
* * * LOW HITPOINT WARNING * * *
You feel sick.
The killer bee stings you but does no damage.
There is a stone staircase leading up here.
The killer bee stings you!
* * * LOW HITPOINT WARNING * * *
The killer bee stings you but does no damage.
A large slime creature splits.
You climb upwards.
You feel sick.
There is a stone staircase leading down here.
Unknown command.
Unknown command.
You feel better.
The killer bee stings you but does no damage.
The killer bee barely misses you. The slime creature hits you!
You die...

#..............### #..# #.
##............## #..# #. ##
#............## #..# #.
.######)......###..# #..# #.
.....)))(....## ##.## #..# ##.
...#.()#.(....## ##.# ##..#####..
..###..##....#.####.###.......###
### ##.###...##.yJ.###...###### #
# #.####.####@### ##.## # ##.#
#.# #J## ### ### ### ##


You could see 2 slime creatures and a killer bee.

Vanquished Creatures
  A yak (D:8)
  A hungry ghost (D:9)
  2 orc warriors
  3 sky beasts
  A necrophage (D:10)
  2 ogres
  A phantom (D:7)
  2 big kobolds
  2 bullfrogs
  8 scorpions
  2 wights (D:10)
  A howler monkey (D:4)
  A centaur zombie (D:7)
  8 crimson imps
  A bullfrog zombie (D:6)
  3 bullfrog skeletons
  4 centaur skeletons
  3 hounds
  4 orc priests
  Crazy Yiuf (D:3)
  7 iguanas
  9 orc wizards
  8 worker ants
  A hound zombie (D:10)
  A hound skeleton (D:8)
  A howler monkey skeleton (D:4)
  3 worker ant zombies
  5 gnolls
  17 adders
  2 adder skeletons (D:4)
  An adder zombie (D:10)
  4 worms (D:2)
  A dart slug (D:1)
  6 leopard geckos
  37 orcs
  2 ball pythons
  7 bats
  4 giant cockroaches
  6 goblins
  6 hobgoblins
  13 jackals
  19 kobolds
  6 quokkas
  14 frilled lizards
  A quokka zombie (D:8)
  11 rats
243 creatures vanquished.

Vanquished Creatures (others)
  2 fungi (D:9)
2 creatures vanquished.

Grand Total: 245 creatures vanquished

Notes
Turn   | Place    | Note
-------+----------+-------------------------------------------
     0 | D:1      | Peloso the Minotaur Fighter began the quest for the Orb.
     0 | D:1      | Reached XP level 1. HP: 19/19 MP: 0/0
    86 | D:1      | Reached XP level 2. HP: 24/27 MP: 1/1
   360 | D:1      | Reached skill level 3 in Long Blades
   440 | D:1      | Reached XP level 3. HP: 33/33 MP: 2/2
   950 | D:2      | Noticed a scorpion
   958 | D:2      | Killed a scorpion
   958 | D:2      | Reached skill level 4 in Long Blades
   958 | D:2      | Reached XP level 4. HP: 23/40 MP: 3/3
  1333 | D:2      | Reached XP level 5. HP: 39/46 MP: 4/4
  2122 | D:3      | Reached skill level 1 in Dodging
  2188 | D:3      | Found a runed translucent door.
  2189 | D:3      | Noticed Crazy Yiuf
  2351 | D:3      | Reached skill level 5 in Long Blades
  2385 | D:3      | Reached XP level 6. HP: 53/53 MP: 5/5
  2518 | D:3      | Killed Crazy Yiuf
  2891 | D:4      | Reached skill level 5 in Armour
  2891 | D:4      | Reached skill level 5 in Shields
  3165 | D:4      | Reached skill level 5 in Fighting
  3288 | D:4      | Reached skill level 6 in Long Blades
  3392 | D:4      | Reached XP level 7. HP: 61/61 MP: 6/6
  3761 | D:4      | Found an opulent altar of Gozag.
  3852 | D:5      | Entered Level 5 of the Dungeon
  4314 | D:4      | Reached skill level 7 in Long Blades
  4502 | D:5      | Found a sacrificial altar of Ru.
  4554 | D:5      | Reached XP level 8. HP: 69/69 MP: 7/7
  4879 | D:6      | Reached skill level 8 in Long Blades
  5061 | D:6      | Found an ancient bone altar of Kikubaaqudgha.
  5357 | D:7      | Reached skill level 9 in Long Blades
  5445 | D:7      | Reached XP level 9. HP: 75/75 MP: 8/8
  5469 | D:7      | Found a staircase to the Ecumenical Temple.
  5538 | Temple   | Entered the Ecumenical Temple
  5564 | Temple   | Became a worshipper of Warmaster Okawaru
  6337 | D:7      | You fall into a shaft and drop 3 floors!
  6337 | D:10     | Entered Level 10 of the Dungeon
  6583 | D:10     | Reached * piety under Okawaru
  6583 | D:10     | Reached skill level 10 in Long Blades
  6963 | D:9      | Found a runed translucent gate.
  6964 | D:9      | Noticed a kobold demonologist
  6975 | D:9      | Noticed a kobold demonologist
  6976 | D:9      | Noticed a kobold demonologist
  6977 | D:9      | Identified the +9 whip of Seopnyxe {venom, rPois}
  6979 | D:9      | Found a runed translucent gate.
  6979 | D:9      | Found a runed translucent gate.
  6979 | D:9      | Noticed Jonor's ghost (novice GnSk)
  6993 | D:9      | Noticed Prince Ribbit
  7093 | D:8      | Reached skill level 11 in Long Blades
  7099 | D:8      | Reached ** piety under Okawaru
  7277 | D:8      | Reached XP level 10. HP: 81/86 MP: 9/9
  7298 | D:8      | Found a large runed translucent door.
  7298 | D:8      | Found a large runed translucent door.
  7299 | D:8      | Noticed vaporguy's ghost (novice HOFi)
  7737 | D:7      | Slain by a slime creature

Levels and vault maps discovered:
D:1:      eino_arrival_cavern_a, layout_loops_corners, serial_bayou_pond_b,
          minmay_lizard_pond
D:2:      layout_loops_ring, first_ration, chequers_serial_rivers_small_a
D:3:      layout_rooms, serial_bayou, serial_bayou_lake_a, serial_bayou_pond_a,
          serial_bayou_lagoon_a, serial_bayou_crossing, uniq_crazy_yiuf_cottage
D:4:      minmay_chambers_of_threes, layout_basic, grunt_gozag_breadcrumbs
D:5:      layout_loops_ring, kennysheep_small_circle
D:6:      layout_basic, overflow_temple_1_default
D:7:      layout_layer_cave, minmay_temple_entry_ruins
D:8:      layout_cave_pools, grunt_lair_entry_orc_guard_hut,
          ebering_ghost_disaster_area
D:9:      layout_basic, grunt_temple_overflow_open,
          gammafunk_ghost_nasty_kobolds, grunt_pizzeria, uniq_prince_ribbit1
D:10:     layout_roguey, serial_undead, serial_undead_c, serial_undead_b,
          serial_undead_c, serial_undead_e, serial_undead_f
Temple:   hc_temple_tempest_star

Skill      XL: |  1  2  3  4  5  6  7  8  9 |
---------------+----------------------------+-----
Fighting       | 4 5 6 7 |  7.0
Armour         | 4 5 6 7 8 |  8.6
Long Blades    | 3 4 5 6 7 9 11 | 11.3
Shields        | 4 5 7 8 |  8.6
Dodging        | 1 2 3 |  3.0
Stealth        | |  0.1

Action                   |  1- 3 |  4- 6 |  7- 9 | 10-12 || total
-------------------------+-------+-------+-------+-------++-------
Melee: Long sword        |   116 |   218 |   558 |    18 ||   910
       Headbutt          |    14 |    31 |   113 |     4 ||   162
Invok: Heroism           |       |       |     1 |       ||     1
  Use: Potion            |     1 |     2 |     1 |     1 ||     5
       Scroll            |       |       |    11 |       ||    11
  Eat: Chunk             |       |     8 |    10 |     1 ||    19
       Ration            |       |       |     2 |       ||     2
Armor: Scale mail        |    53 |    13 |       |       ||    66
       Chain mail        |       |   110 |    88 |       ||   198
       Plate armour      |       |       |   187 |    13 ||   200
Dodge: Dodged            |    28 |    62 |   105 |     4 ||   199
Block: Shield            |    53 |   101 |   268 |    17 ||   439
       Rpst.: Long sword |    10 |    17 |    31 |     2 ||    60
